 Dungeon Crawl Stone Soup version 0.24-a0-521-g122614bf49 (webtiles) character file.

Game seed: 17816240896741853465

8603 CoolPlay the Fighter (level 11, 82/104 HPs)
             Began as a Minotaur Summoner on July 28, 2019.
             Was an Initiate of Gozag.
             Quit the game on level 1 of the Lair of Beasts.
             The game lasted 00:27:09 (9456 turns).

CoolPlay the Fighter (Minotaur Summoner)            Turns: 9456, Time: 00:27:09

Health: 82/104     AC: 11    Str: 17    XL:     11   Next: 12%
Magic:  14/14      EV: 11    Int: 12    God:    Gozag
Gold:   827        SH:  6    Dex: 12    Spells: 11/12 levels left

rFire    . . .     SeeInvis .   a - +0 rapier (flame)
rCold    . . .     Gourm    .   g - +1 buckler {reflect}
rNeg     . . .     Faith    .   v - +4 ring mail "Gaoroa" {Str+2 Stlth+}
rPois    .         Spirit   .   (helmet restricted)
rElec    .         Reflect  +   (no cloak)
rCorr    +         Harm     .   n - +1 pair of gloves
MR       .....                  (no boots)
Stlth    ++........             (no amulet)
HPRegen  0.27/turn              (no ring)
MPRegen  0.14/turn              t - ring of resist corrosion

@: no status effects
A: retaliatory headbutt, horns 2
a: Potion Petition, Call Merchant, Bribe Branch, Renounce Religion


You were on level 1 of the Lair of Beasts.
You worshipped Gozag.
Gozag was pleased with you.
You were not hungry.

You visited 2 branches of the dungeon, and saw 12 of its levels.

You collected 1579 gold pieces.
You spent 539 gold pieces at shops.
You paid 213 gold pieces to Gozag.

Inventory:

Hand Weapons
 a - a +0 rapier of flaming (weapon)
 d - a +1 whip of draining
 f - a +2 scimitar of flaming
 D - a +0 whip of freezing
 I - a +2 hand axe of chopping
 K - a +0 spear of flaming
Missiles
 b - 163 sling bullets
 w - 35 poisoned darts (quivered)
 H - a throwing net
Armour
 g - a +1 buckler of reflection (worn)
 n - a +1 pair of gloves (worn)
 u - a +0 chain mail of cold resistance
 v - the +4 ring mail "Gaoroa" (worn) {Str+2 Stlth+}
   (You found it on level 5 of the Dungeon)

   It affects your strength (+2).
   It makes you more stealthy.
 B - a +1 ring mail of cold resistance
Jewellery
 t - a ring of resist corrosion (right hand)
 A - an uncursed ring of protection from magic
Wands
 j - a wand of acid (2)
 z - a wand of scattershot (3)
 E - a wand of enslavement (15)
 G - a wand of flame (26)
Scrolls
 h - 4 scrolls of teleportation
 l - a scroll of random uselessness
 o - 4 scrolls of amnesia
 p - a scroll of immolation
 r - 9 scrolls of remove curse
 s - 2 scrolls of fog
 x - a scroll of vulnerability
 y - 3 scrolls of blinking
 C - 2 scrolls of identify
 J - a scroll of summoning
 L - a scroll of noise
Potions
 e - a potion of resistance
 i - 2 potions of flight
 k - a potion of cancellation
 m - a potion of ambrosia
 q - 3 potions of curing
Comestibles
 c - 11 rations


   Skills:
 - Level 12.2 Fighting
 * Level 11.5 Short Blades
 - Level 2.1 Dodging
 - Level 1.5 Stealth
 * Level 6.2 Shields
 - Level 1.3 Spellcasting
 - Level 2.9 Summonings
 * Level 6.0 Evocations


You had 11 spell levels left.
You knew the following spells:

 Your Spells              Type           Power        Failure   Level  Hunger
a - Summon Small Mammal   Summ           #...         16%         1    ##.....

Your spell library contained the following spells:

 Spells                   Type           Power        Failure   Level  Hunger
 Call Imp                 Summ           #.......     24%         2    ###....
 Call Canine Familiar     Summ           #.......     43%         3    ####...
 Animate Skeleton         Necr           N/A          47%         1    ##.....
 Magic Dart               Conj           #...         47%         1    ##.....
 Pain                     Necr           #...         47%         1    ##.....
 Blink                    Tloc           N/A          63%         2    ###....
 Slow                     Hex            #.......     63%         2    ###....
 Summon Guardian Golem    Hex/Summ       #.......     65%         3    ####...
 Conjure Flame            Conj/Fire      #.......     85%         3    ####...
 Mephitic Cloud           Conj/Pois/Air  #.......     85%         3    ####...
 Regeneration             Chrm/Necr      #.........   85%         3    ####...
 Vampiric Draining        Necr           #.........   85%         3    ####...
 Summon Ice Beast         Ice/Summ       #.......     96%         4    #####..
 Summon Lightning Spire   Summ/Air       #.......     96%         4    #####..
 Animate Dead             Necr           N/A          99%         4    #####..


Dungeon Overview and Level Annotations

Branches:
Dungeon (11/15)            Temple (0/1) D:5            Lair (1/6) D:11
    Orc: D:9-12

Altars:
Elyvilon
Fedhas
Gozag
Kikubaaqudgha
Makhleb
Trog
Vehumet
Wu Jian
Xom

Shops:
D:4 ?   D:6 !

Annotations:
D:6 Prince Ribbit


Innate Abilities, Weirdness & Mutations

You reflexively headbutt those who attack you in melee.
You have a pair of horns on your head.


Message History

You kill the big kobold!
The kobold becomes distracted by the nearby gold, dreaming of imaginary riches.
You swing at nothing.
You feel a little less agile now.
You swing at nothing.
The kobold is no longer distracted by gold.
You feel a little less mighty now. You block the kobold's attack.
The kobold hits you but does no damage.
You see here 8 gold pieces.
You puncture the kobold! You burn the kobold.
You kill the kobold!
The kobold barely misses you.
You hit the kobold. You burn the kobold.
You kill the kobold!
No target in view!
No target in view!
No target in view!
There is a staircase to the Lair here.
You climb downwards.
Welcome to the Lair of Beasts!
There is a staircase back to the Dungeon here.

....##... ..
......P.##.# .
.......≈...##..
....≈≈≈≈≈≈.≈...
....≈≈≈≈≈≈≈≈...
...≈≈≈≈≈≈≈≈≈...
...≈≈≈..≈≈≈≈≈..
..≈≈≈≈.@.≈≈≈≈..
...≈≈≈≈..≈≈≈...
..≈≈≈≈≈≈≈≈≈≈.#.
...≈≈≈≈≈≈≈≈≈.#
....≈≈≈≈≈≈≈.#..
......≈....P# .
....#P#....##
....###....#


There were no monsters in sight!

Vanquished Creatures
  Erica (D:9)
  2 two-headed ogres
  An unseen horror (D:11)
  Pikel (D:7)
  A centaur skeleton (D:10)
  A troll (D:9)
  3 hippogriffs
  A hungry ghost (D:9)
  Grum (D:8)
  5 yaks (D:9)
  A water moccasin (D:5)
  2 black bears (D:9)
  3 slaves (D:7)
  3 sky beasts
  2 ice beasts
  A phantom (D:9)
  7 centaurs
  4 wolves (D:8)
  3 ogres
  A big kobold (D:11)
  A gnoll sergeant (D:9)
  4 bullfrogs
  A wyvern skeleton (D:7)
  2 scorpions (D:7)
  3 wights (D:9)
  2 howler monkeys
  3 crimson imps
  A centaur zombie (D:5)
  4 hounds
  2 jellies
  A bullfrog skeleton (D:7)
  2 orc priests
  5 orc wizards
  An iguana (D:4)
  6 worker ants
  2 hound zombies (D:9)
  2 gnolls (D:9)
  13 adders
  3 shadow imps
  An adder zombie (D:5)
  A worm (D:5)
  2 dart slugs
  3 leopard geckos
  15 orcs
  7 giant cockroaches
  10 goblins
  4 hobgoblins
  10 jackals
  3 quokkas
  2 ball pythons
  A ball python skeleton (D:4)
  8 bats
  5 frilled lizards
  6 kobolds
  A leopard gecko zombie (D:5)
  7 rats
188 creatures vanquished.

Vanquished Creatures (collateral kills)
  Blork the orc (D:5)
  3 gnolls (D:9)
  A kobold (D:1)
5 creatures vanquished.

Vanquished Creatures (others)
  A quokka (D:6)
1 creature vanquished.

Grand Total: 194 creatures vanquished

Notes
Turn   | Place    | Note
-------+----------+-------------------------------------------
     0 | D:1      | CoolPlay the Minotaur Summoner began the quest for the Orb.
     0 | D:1      | Reached XP level 1. HP: 14/14 MP: 1/1
   188 | D:1      | Reached skill level 1 in Fighting
   231 | D:1      | Reached skill level 1 in Short Blades
   246 | D:1      | Reached XP level 2. HP: 20/23 MP: 3/3
   869 | D:1      | Reached XP level 3. HP: 26/29 MP: 4/4
  1032 | D:2      | Reached skill level 2 in Fighting
  1064 | D:2      | Found a shimmering altar of Xom.
  1075 | D:2      | Found a shimmering altar of Xom.
  1077 | D:2      | Found a shimmering altar of Xom.
  1077 | D:2      | Found a shimmering altar of Xom.
  1078 | D:2      | Found a shimmering altar of Xom.
  1078 | D:2      | Found a shimmering altar of Xom.
  1731 | D:3      | Found an opulent altar of Gozag.
  1742 | D:3      | Became a worshipper of Gozag Ym Sagoz the Greedy
  1810 | D:3      | Reached XP level 4. HP: 37/37 MP: 5/5
  2296 | D:4      | Found a blossoming altar of Fedhas.
  2297 | D:4      | Found an ancient bone altar of Kikubaaqudgha.
  2324 | D:4      | Found Tirchejiosch's Magic Scroll Shoppe.
  2332 | D:4      | Bought a scroll of remove curse for 42 gold pieces
  2332 | D:4      | Bought a scroll of blinking for 105 gold pieces
  2393 | D:4      | Reached skill level 3 in Fighting
  2524 | D:4      | Reached XP level 5. HP: 38/45 MP: 3/6
  3168 | D:5      | Entered Level 5 of the Dungeon
  3223 | D:5      | Reached skill level 5 in Short Blades
  3237 | D:5      | Noticed a hippogriff
  3437 | D:5      | Noticed Blork the orc
  3450 | D:4      | Reached XP level 6. HP: 34/52 MP: 7/7
  3691 | D:5      | Found a staircase to the Ecumenical Temple.
  3708 | D:5      | Reached skill level 4 in Fighting
  3715 | D:5      | Killed Blork the orc
  4505 | D:5      | Reached skill level 5 in Fighting
  4536 | D:5      | Got a steaming ring mail
  4666 | D:5      | Found an ornate altar of the Wu Jian Council.
  4669 | D:5      | Noticed an ice beast
  4730 | D:4      | Identified the +4 ring mail "Gaoroa" {Str+2 Stlth+} (You
                  | found it on level 5 of the Dungeon)
  4762 | D:5      | Killed an ice beast
  4762 | D:5      | Reached skill level 6 in Fighting
  4762 | D:5      | Reached XP level 7. HP: 36/63 MP: 8/8
  5023 | D:5      | Killed a hippogriff
  5023 | D:5      | Reached skill level 8 in Fighting
  5448 | D:6      | Reached XP level 8. HP: 60/75 MP: 9/9
  5499 | D:6      | Noticed Prince Ribbit
  5617 | D:4      | Bought a scroll of brand weapon for 280 gold pieces
  5733 | D:6      | Found a radiant altar of Vehumet.
  5774 | D:6      | Reached skill level 9 in Fighting
  5937 | D:6      | Found Diennyag's Distillery.
  5955 | D:6      | Bought a potion of heal wounds for 70 gold pieces
  5955 | D:6      | Bought a potion of curing for 42 gold pieces
  6048 | D:6      | Found a white marble altar of Elyvilon.
  6208 | D:6      | Found a burning altar of Makhleb.
  6272 | D:6      | Reached skill level 10 in Fighting
  6738 | D:7      | Reached skill level 11 in Fighting
  6993 | D:7      | Noticed Pikel
  7011 | D:7      | Killed Pikel
  7011 | D:7      | Reached XP level 9. HP: 74/89 MP: 10/10
  7188 | D:8      | Noticed a two-headed ogre
  7218 | D:8      | Killed a two-headed ogre
  7218 | D:8      | Reached skill level 12 in Fighting
  7357 | D:8      | Found an opulent altar of Gozag.
  7545 | D:8      | Reached skill level 1 in Evocations
  7636 | D:8      | Noticed Grum
  7648 | D:8      | Killed Grum
  7951 | D:8      | Reached skill level 10 in Short Blades
  7951 | D:8      | Reached XP level 10. HP: 89/97 MP: 11/11
  8462 | D:9      | Reached skill level 1 in Shields
  8634 | D:9      | Found a bloodstained altar of Trog.
  8636 | D:9      | Noticed Erica
  8688 | D:9      | Killed Erica
  9060 | D:9      | Reached skill level 5 in Evocations
  9108 | D:9      | Reached skill level 5 in Shields
  9285 | D:10     | Entered Level 10 of the Dungeon
  9385 | D:10     | Noticed a two-headed ogre
  9395 | D:10     | Killed a two-headed ogre
  9395 | D:10     | Reached XP level 11. HP: 92/104 MP: 14/14
  9424 | D:11     | Found a staircase to the Lair.
  9447 | D:11     | Killed an unseen horror
  9455 | Lair:1   | Entered Level 1 of the Lair of Beasts
  9456 | Lair:1   | Quit the game

Levels and vault maps discovered:
D:1:      wander_arrival_desolate, layout_loops_corners
D:2:      layout_basic, xom_redecorated, first_ration,
          minmay_large_rounded_square
D:3:      layout_loops_cross, old_standard_altar
D:4:      layout_gridville, grunt_temple_overflow_growth_and_decay,
          serial_shops, shop_fountains, chequers_serial_rivers_micro_d
D:5:      layout_loops_ring, lemuel_crystal_altar,
          minmay_temple_entry_steel_oval, minmay_chambers_of_fives,
          uniq_blork_the_orc
D:6:      layout_rooms, makhleb_heckhound_becter, elyvilon_altar_4,
          nicolae_overflow_crystal_walls, serial_shops, shop, dk_noncrumbling_4,
          uniq_prince_ribbit1
D:7:      layout_basic, uniq_pikel
D:8:      layout_basic, grunt_ogre_cave, nicolae_gozag_seed_capital, uniq_grum
D:9:      layout_rooms, trog_ov_bears_minmay, uniq_erica
D:10:     layout_basic, minmay_statues_item, nrook_uturn, minivault_29
D:11:     layout_roguey, lair_entry_dummy, gauntlet_entry_generic,
          hangedman_tell_no_tales
Lair:1:   layout_regular_city, ebering_ghost_disaster_area,
          minmay_lair_oklob_chamber, infiniplex_staircase_pool_2

Skill      XL: |  1  2  3  4  5  6  7  8  9 10 11 |
---------------+----------------------------------+-----
Fighting       | 1 2 3 6 8 11 12 | 12.2
Short Blades   | 1 2 3 4 5 6 7 10 11 | 11.5
Evocations     | 3 5 6 |  6.0
Shields        | 5 6 |  6.2
Dodging        | |  2.1
Stealth        | |  1.5
Spellcasting   | |  1.3
Summonings     | |  2.9

Action                   |  1- 3 |  4- 6 |  7- 9 | 10-12 || total
-------------------------+-------+-------+-------+-------++-------
Melee: Short sword       |   130 |   166 |    38 |       ||   334
       Unarmed           |     2 |       |       |       ||     2
       Headbutt          |    10 |    29 |    40 |    31 ||   110
       Rapier            |       |       |   219 |   197 ||   416
Throw: Dart              |       |    19 |    31 |       ||    50
 Cast: Summon Small Mamm |    14 |    22 |       |       ||    36
Invok: Potion Petition   |       |       |       |     2 ||     2
Evoke: Wand              |       |       |       |     4 ||     4
  Use: Scroll            |     7 |     7 |     5 |     7 ||    26
       Potion            |       |     1 |     4 |     3 ||     8
 Stab: Distracted        |     1 |     3 |       |     2 ||     6
       Sleeping          |       |       |     5 |       ||     5
       Invisible         |       |       |       |     1 ||     1
  Eat: Chunk             |     3 |     1 |       |       ||     4
       Ration            |       |     3 |     3 |     2 ||     8
Armor: Robe              |     1 |       |       |       ||     1
       Ring mail         |    44 |    48 |    90 |    57 ||   239
       Chain mail        |       |    10 |       |       ||    10
       Skin              |       |       |       |    16 ||    16
Dodge: Dodged            |    90 |    81 |   117 |    60 ||   348
Block: Buckler           |       |       |       |    38 ||    38
       Reflection        |       |       |       |     2 ||     2

Table legend:
 A = Non-vault XP
 B = Vault XP
 C = Vault XP percentage of total XP
 D = Non-vault monster count
 E = Vault monster count
 F = Vault count percentage of total count
                 A         B        C        D         E       F
            +---------+---------+-------+---------+---------+-------
      Total |    9476 |    2815 |  22.9 |     174 |      16 |   8.4
            +---------+---------+-------+---------+---------+-------
        D:1 |      42 |       0 |   0.0 |      26 |       0 |   0.0
        D:2 |      42 |       0 |   0.0 |      19 |       0 |   0.0
        D:3 |      35 |       0 |   0.0 |      14 |       0 |   0.0
        D:4 |     214 |      36 |  14.4 |      11 |       1 |   8.3
        D:5 |     730 |     160 |  18.0 |      12 |       4 |  25.0
        D:6 |     681 |      42 |   5.8 |      15 |       1 |   6.2
        D:7 |     600 |     663 |  52.5 |      12 |       1 |   7.7
        D:8 |    1953 |     768 |  28.2 |      24 |       6 |  20.0
        D:9 |    2669 |    1146 |  30.0 |      29 |       3 |   9.4
       D:10 |    1437 |       0 |   0.0 |       5 |       0 |   0.0
       D:11 |    1073 |       0 |   0.0 |       7 |       0 |   0.0
            +---------+---------+-------+---------+---------+-------
